 Seeded DCSS version 0.26.1-16-g4e020e15dc (webtiles) character file.

Game seed: 867987566 (custom seed)

59 Fluidstar381 the Ruffian (level 3, -2/54 HPs)
             Began as a Troll Berserker on Feb 28, 2023.
             Was a Follower of Trog.
             Killed by divine providence
             ... invoked by an orc priest
              (10 damage)
             ... on level 3 of the Dungeon.
             The game lasted 00:05:25 (800 turns).

Fluidstar381 the Ruffian (Troll Berserker)           Turns: 800, Time: 00:05:31

Health: -2/54      AC: 21    Str: 26    XL:     3   Next: 78%
Magic:  2/2        EV:  1    Int:  3    God:    Trog [*.....]
Gold:   29         SH:  0    Dex:  9    Spells: 2/2 levels left

rFire    . . .     SeeInvis .   h - +1 trident
rCold    . . .     Faith    .   (no shield)
rNeg     + + +     Spirit   .   (armour currently unavailable)
rPois    +         Reflect  .   (helmet currently unavailable)
rElec    .         Harm     .   (cloak currently unavailable)
rCorr    .         Rampage  .   (gloves unavailable)
Will     .....     NoTele   +   (boots unavailable)
Stlth    +.........             (no amulet)
HPRegen  0.58/turn              (no ring)
MPRegen  0.08/turn              (no ring)

@: tree-form
A: large, unfitting armour, regeneration 1
a: Renounce Religion, Berserk


You were on level 3 of the Dungeon.
You worshipped Trog.
Trog was aware of your devotion.
You were a tree.
You visited 1 branch of the dungeon, and saw 3 of its levels.

You collected 29 gold pieces.

Inventory:

Hand Weapons
 e - a +4 hunting sling
 g - a +0 club
 h - a +1 trident (weapon)
 j - a +0 mace
Missiles
 b - 144 stones
Armour
 a - a +0 animal skin (melded)
 l - a +0 chain mail
Scrolls
 d - a scroll of enchant armour {unknown}
 f - a scroll of remove curse
Potions
 k - a potion of berserk rage {unknown}


   Skills:
 + Level 2.8 Fighting
 + Level 0.6 Polearms
 + Level 3.1 Dodging
 + Level 3.5 Unarmed Combat


You had 2 spell levels left.
You didn't know any spells.
Your spell library was empty.

Dungeon Overview and Level Annotations

Branches:
Dungeon (3/15)

Altars:


Innate Abilities, Weirdness & Mutations

You are too large for most types of armour.
((You have claws for hands.))
Your natural rate of healing is unusually fast.
((You are covered in fur. (AC +1)))
((You have extremely tough skin. (AC +3)))


Message History

The orc priest hits you but does no damage.
You hit the orc priest but do no damage.
The orc priest is moderately wounded.
The orc priest hits you but does no damage.
The orc hits you but does no damage. x2
The orc priest casts a cantrip, but nothing happens.
The orc hits you but does no damage.
You puncture the orc priest!
You kill the orc priest!
Trog accepts your kill.
The orc priest hits you but does no damage.
The orc hits you but does no damage. x4
Your Dodging skill increases to level 3!
As you read the scroll labelled XUTHAE MIKUOJO, it crumbles to dust.
You feel blessed for a moment.
It was a scroll of remove curse.
The hobgoblin hits you but does no damage.
The orc hits you but does no damage.
The orc priest mumbles some strange prayers to Beogh against you.
Beogh smites you!
You die...

........#...... .....[.....
... ..........###.#
.........?.##.#
#.................#.#
....................#######
...........................
................o.....#####
................♣oo...#
#..........(...ogo....#
##............)..oo...#
.........((...........#
.###...........###.....!.
.# ##...(.................
.# #.........####.........
.###.........# #.........
...#....(..#.# #......o..


You could see an orc priest, 6 orcs and a hobgoblin.

Vanquished Creatures
  An orc priest (D:3)
  An adder (D:2)
  A dart slug (D:2)
  3 bats
  3 giant cockroaches
  A goblin (D:2)
  3 hobgoblins
  2 kobolds
  2 frilled lizards
  3 rats
20 creatures vanquished.

Notes
Turn   | Place    | Note
-------+----------+-------------------------------------------
     0 | D:1      | Fluidstar381 the Troll Berserker began the quest for the
                  | Orb.
     0 | D:1      | Reached XP level 1. HP: 22/22 MP: 0/0
   341 | D:2      | Reached XP level 2. HP: 29/29 MP: 1/1
   747 | D:3      | Reached XP level 3. HP: 36/36 MP: 2/2
   800 | D:3      | Killed from afar by an orc priest

Illustrated notes

Levels and vault maps discovered:
D:1:      lightli_arrival_lavapool, layout_loops_cross, minmay_heptomino_d4
D:2:      layout_loops_cross, grunt_ministairs_13, minmay_rat_gold_closets
D:3:      layout_basic

Skill      XL: |  1  2  3 |
---------------+----------+-----
Dodging        | 3 |  3.1
Fighting       | |  2.8
Polearms       | |  0.6
Unarmed Combat | |  3.5

Action                   || total
-------------------------++-------
Melee: Unarmed           ||    18
       Hunting sling     ||    13
       Trident           ||    49
       Punch             ||     2
  Use: Scroll            ||     2
       Potion            ||     1
Armor: Animal skin       ||    94
       Skin              ||    24
Dodge: Dodged            ||   109
